 Dungeon Crawl Stone Soup version 0.29-a0-88-g03a7b78be7 (webtiles) character file.

Game seed: 17812012062252665564

151284 timneilson the Peltast (level 17, -4/106 HPs)
             Began as a Gargoyle Fighter on Feb 5, 2022.
             Was a High Priest of Okawaru.
             Killed by the air
             ... invoked by a spriggan air mage
              (10 damage)
             ... on level 3 of the Swamp.
             The game lasted 01:34:29 (28488 turns).

timneilson the Peltast (Gargoyle Fighter)          Turns: 28488, Time: 01:34:29

Health: -4/106     AC: 48    Str: 32    XL:     17   Next: 55%
Magic:  14/15      EV: 12    Int: 16    God:    Okawaru [*****.]
Gold:   1978       SH: 23    Dex: 11    Spells: 16/16 levels left

rFire   + . .      SeeInvis +   R - +6 double sword "Joesh" {vorpal, rN+ Str+4 Int+3}
rCold   + . .      Faith    .   O - +2 tower shield
rNeg    + + +      Spirit   .   N - +2 plate armour {rF+}
rPois   ∞          Reflect  .   K - +2 helmet "Lacufux" {Fly rCorr MP-9 SInv}
rElec   +          Harm     .   (no cloak)
rCorr   +          Rampage  .   i - +0 pair of gloves
Will    +....                   J - +2 pair of boots of Cubbuaw {rPois rN+ Int+4}
Stlth   ..........              E - amulet of regeneration
HPRegen 1.07/turn               Q - ring "Reozehin" {rC+ rN+ Dex+2}
MPRegen 0.14/turn               H - +4 ring of protection

@: heroic, flying
A: sickness immunity, AC +12, big wings, negative energy resistance 1,
electricity resistance, torment resistance 1, petrification resistance
a: Renounce Religion, Heroism, Finesse, Duel


You were on level 3 of the Swamp.
You worshipped Okawaru.
Okawaru was extremely pleased with you.
You visited 5 branches of the dungeon, and saw 27 of its levels.
You visited the Abyss 1 time.
You also visited: Gauntlet.

You collected 2664 gold pieces.
You spent 686 gold pieces at shops.

Inventory:

Hand Weapons
 w - a +5 scimitar of flaming
 R - the +6 double sword "Joesh" (weapon) {vorpal, rN+ Str+4 Int+3}
   (Okawaru gifted it to you on level 3 of the Swamp)

   It inflicts extra damage upon your enemies.
   Str:       It affects your strength (+4).
   Int:       It affects your intelligence (+3).
   rN:        It protects you from negative energy.
Missiles
 L - 3 javelins
 M - 2 silver javelins (quivered)
Armour
 i - a +0 pair of gloves (worn)
 J - the +2 pair of boots of Cubbuaw (worn) {rPois rN+ Int+4}
   (Okawaru gifted it to you on level 5 of the Lair of Beasts)

   Int:       It affects your intelligence (+4).
   rPois:     It protects you from poison.
   rN:        It protects you from negative energy.
 K - the +2 helmet "Lacufux" (worn) {Fly rCorr MP-9 SInv}
   (You found it in a Gauntlet)

   MP:        It affects your magic capacity (-9).
   SInv:      It lets you see invisible.
   Fly:       It grants you flight.
   rCorr:     It protects you from acid and corrosion.
 N - a +2 plate armour of fire resistance (worn)
 O - a +2 tower shield (worn)
Jewellery
 g - a ring of fire
 u - a +6 ring of dexterity
 y - a ring of positive energy
 E - an amulet of regeneration (around neck)
 H - a +4 ring of protection (right hand)
 Q - the ring "Reozehin" (left hand) {rC+ rN+ Dex+2}
   (You bought it in a shop on level 9 of the Dungeon)

   [ring of protection from cold]

   Dex:       It affects your dexterity (+2).
   rC:        It protects you from cold.
   rN:        It protects you from negative energy.
Wands
 a - a wand of acid (2)
 b - a wand of paralysis (16)
 f - a wand of polymorph (19)
 s - a wand of flame (23)
 A - a wand of digging (18)
 S - a wand of mindburst (3)
Scrolls
 c - 3 scrolls of fear
 e - 6 scrolls of identify
 m - 4 scrolls of amnesia
 n - 3 scrolls of magic mapping
 p - 13 scrolls of teleportation
 q - a scroll of fog
 z - 2 scrolls of holy word
 C - 4 scrolls of enchant weapon
 G - 3 scrolls of enchant armour
Potions
 d - 2 potions of might
 h - 3 potions of haste
 j - 4 potions of brilliance
 k - 6 potions of curing
 l - a potion of magic
 o - 2 potions of ambrosia
 v - 5 potions of attraction
 x - 6 potions of mutation
 B - 5 potions of cancellation
 F - 6 potions of lignification
 P - 3 potions of berserk rage
Miscellaneous
 t - a tin of tremorstones (2/2)
 I - a condenser vane


   Skills:
 + Level 11.6(16.6) Fighting
 * Level 13.2(18.2) Long Blades
 + Level 4.2(9.2) Throwing
 * Level 15.7(20.7) Armour
 + Level 8.5(13.5) Dodging
 * Level 15.7(20.7) Shields
 + Level 10.6 Invocations
 + Level 9.1 Evocations


You had 16 spell levels left.
You didn't know any spells.
Your spell library contained the following spells:

 Spells                   Type           Power      Damage    Failure   Level
 Foxfire                  Conj/Fire      0%         2x1d4     87%         1
 Freeze                   Ice            0%         1d3       87%         1
 Pain                     Necr           0%         1d4       87%         1
 Sandblast                Erth           0%         2d4       87%         1
 Shock                    Conj/Air       0%         1d3       87%         1
 Slow                     Hex            0%         N/A       87%         1
 Blink                    Tloc           0%         N/A       95%         2
 Corpse Rot               Necr/Air       0%         N/A       95%         2
 Passwall                 Tmut/Erth      0%         N/A       95%         2
 Poisonous Vapours        Pois/Air       0%         N/A       95%         2
 Confusing Touch          Hex            0%         N/A       99%         3
 Conjure Flame            Conj/Fire      0%         6-21      99%         3
 Frozen Ramparts          Ice            0%         1d2       99%         3
 Gell's Gravitas          Tloc           0%         N/A       99%         3
 Inner Flame              Hex/Fire       0%         N/A       99%         3
 Portal Projectile        Hex/Tloc       0%         N/A       99%         3
 Stone Arrow              Conj/Erth      0%         3d7       99%         3
 Swiftness                Air            0%         N/A       99%         3
 Teleport Other           Tloc           0%         N/A       99%         3
 Vampiric Draining        Necr           0%         2d6       99%         3
 Airstrike                Air            0%         N/A       100%        4
 Cause Fear               Hex            0%         N/A       100%        4
 Flame Wave               Conj/Fire      0%         2d4       100%        4
 Passage of Golubria      Tloc           0%         N/A       100%        4
 Agony                    Necr           0%         N/A       100%        5
 Alistair's Intoxication  Tmut/Pois      0%         N/A       100%        5
 Blade Hands              Tmut           0%         N/A       100%        5
 Borgnjor's Vile Clutch   Necr/Erth      0%         N/A       100%        5
 Excruciating Wounds      Necr           0%         N/A       100%        5
 Manifold Assault         Tloc           0%         N/A       100%        5
 Yara's Violent Unravell  Hex/Tmut       0%         3d3       100%        5
 Dispersal                Tloc           0%         N/A       100%        6
 Eringya's Noxious Bog    Tmut/Pois      0%         N/A       100%        6
 Storm Form               Tmut/Air       0%         N/A       100%        7
 Discord                  Hex            0%         N/A       100%        8
 Tukima's Dance           Hex            Unusable   N/A       N/A         3
 Animate Dead             Necr           Unusable   N/A       N/A         4
 Summon Ice Beast         Ice/Summ       Unusable   N/A       N/A         4
 Death Channel            Necr           Unusable   N/A       N/A         6
 Simulacrum               Ice/Necr       Unusable   N/A       N/A         6

Dungeon Overview and Level Annotations

Branches:
Dungeon (15/15)            Temple (1/1) D:5            Lair (6/6) D:8
  Swamp (3/4) Lair:2        Snake (0/4) Lair:3        Slime (0/5) Lair:5
    Orc (2/2) D:11            Elf (0/3) Orc:2        Vaults (0/5) D:13
 Depths (0/4) D:15        Gauntlet (visited)

Altars:
Ashenzari
Cheibriados
Dithmenos
Elyvilon
Fedhas
Gozag
Hepliaklqana
Kikubaaqudgha
Makhleb
Nemelex Xobeh
Okawaru
Qazlal
Ru
Sif Muna
Trog
Uskayaw
Vehumet
Wu Jian
Xom
Yredelemnul
Zin
The Shining One
Beogh
Jiyva

Shops:
D:5 *   D:9 [[[=   D:13 (   D:14 *   D:15 *   Orc:1 *[[!   Orc:2 =!![

Portals:
Trove: D:13 (give +4 fire dragon scales)

Annotations:
D:7 2 transporters, Woods's ghost, novice MiBe
D:15 Roxanne
Lair:3 exclusion: oklob plant
Orc:1 1 transporter


Innate Abilities, Weirdness & Mutations

You are immune to sickness and miasma.
Your stone body is resilient. (AC +12)
You are immune to poison.
Your large and strong wings let you fly.
You resist negative energy. (rN+)
You are resistant to electric shocks. (rElec)
You are resistant to unholy torment.
You are immune to petrification.


Message History

You barely miss the spriggan air mage.
The spriggan air mage is lightly wounded.
The spriggan air mage hits you but does no damage.
You block the tyrant leech's attack.
The tyrant leech bites you but does no damage.
Unknown command.
You barely miss the spriggan air mage.
The spriggan air mage is lightly wounded.
The spriggan air mage points at you and mumbles some strange words.
The bolt of lightning hits you. You resist.
The mangrove smoulders and burns.
The tyrant leech bites you!
The tyrant leech bites you but does no damage.
You gain the combat prowess of a mighty hero.
You block the spriggan air mage's attack.
The tyrant leech bites you but does no damage.
You closely miss the spriggan air mage.
The spriggan air mage is lightly wounded.
You block the tyrant leech's attack.
The spriggan air mage closely misses you.
You slice the spriggan air mage!!
The spriggan air mage is severely wounded.
You block the tyrant leech's attack. The tyrant leech bites you!
* * * LOW HITPOINT WARNING * * *
You block the spriggan air mage's attack.
You miss the spriggan air mage.
The spriggan air mage is severely wounded.
The spriggan air mage waves its arms in wide circles.
The air twists around and strikes you!!
* * * LOW HITPOINT WARNING * * *
Unknown command.
Okay, then.
Blink to where?
Press: ? - help, Dir - move target
As you read the scroll of blinking, it crumbles to dust.
The spriggan air mage casts a spell at you.
The bolt of lightning hits you! You resist.
* * * LOW HITPOINT WARNING * * *
The spriggan air mage waves its arms in wide circles.
The air twists around and strikes you!
You die...

♣≈≈≈.≈≈≈.♣≈^≈≈§≈≈≈≈.≈♣≈.♣
♣.≈≈≈..w≈♣≈≈≈≈≈≈≈≈≈.....≈
♣.≈≈≈§♣♣≈≈i.≈≈)≈.♣.......
♣.≈≈≈.♣.≈≈..≈§≈.≈♣♣)≈.♣.≈
♣♣....§.≈≈§≈≈§≈≈......♣.≈
♣♣♣≈...§≈≈≈≈≈≈≈≈≈≈♣♣♣♣.≈
♣♣≈.......§≈≈≈≈≈♣ ♣.≈
♣..≈≈≈.♣♣....≈.≈♣ ♣.≈
♣♣≈≈@≈.♣♣♣♣♣♣♣≈≈♣♣♣.≈
♣≈...♣♣♣≈♣♣♣♣♣♣♣♣≈≈≈
♣♣♣♣♣♣♣≈.≈♣≈≈≈≈≈♣♣♣.≈♣>≈
♣...≈♣♣♣≈≈≈≈≈≈≈.......≈≈
♣≈≈.<.≈≈.§≈≈≈≈≈≈≈†.≈≈≈≈≈
♣♣♣♣♣♣♣♣.§≈≈.≈§≈≈[).≈≈≈≈
♣≈≈≈§[..)...≈..≈..
♣♣♣≈..≈§♣♣♣♣♣♣≈≈..
♣♣♣♣♣♣♣ ♣.≈≈≈.


You could see a tyrant leech and a spriggan air mage (repels missiles).

Vanquished Creatures
  A bone dragon (Abyss:2)
  Kirke (D:13)
  A fenstrider witch (Swamp:3)
  An orc warlord (Orc:1)
  A stone giant (D:15)
  4 eleionomae
  A minotaur (Gauntlet)
  4 bunyips
  A blizzard demon (Gauntlet)
  Snorg (Orc:1)
  Josephine (D:11)
  A vault guard (D:13)
  The ghost of Astroef the Spear-Bearer, a journeyman DsFi of Fedhas (D:12)
  A rakshasa (Abyss:2)
  5 boulder beetles
  17 hydras
  3 ogre magi
  A death knight (D:9)
  3 catoblepae
  A ghost crab (Swamp:2)
  6 two-headed ogres
  7 centaur warriors
  4 alligators
  A deep troll shaman (Lair:6)
  A hell hog (Abyss:2)
  8 tengu warriors
  6 death yaks
  A wretched star (Abyss:2)
  Nergalle (Orc:2)
  3 spriggans
  A spatial maelstrom (Abyss:2)
  A skeletal warrior (D:15)
  A fire crab (Gauntlet)
  5 goliath frogs
  A spriggan druid (Swamp:2)
  3 swamp dragons
  A shadow demon (Abyss:2)
  A bog body (Swamp:2)
  An obsidian statue (D:14)
  4 lindwurms (Lair:3)
  3 glowing orange brains
  2 wizards
  A deep elf archer (D:13)
  4 deep elf pyromancers
  5 orc knights
  10 orc sorcerers
  A phantasmal warrior (D:9)
  A mana viper (shapeshifter) (D:12)
  A wolf spider (D:15)
  8 manticores
  26 ugly things
  6 cyclopes
  4 large abominations (Abyss:2)
  9 elephants
  Joseph (D:8)
  6 black mambas
  2 smoke demons (Abyss:2)
  4 torpor snails
  2 gargoyles
  An unseen horror (D:13)
  19 cane toads
  A naga skeleton (Abyss:2)
  10 komodo dragons
  3 rime drakes
  Maggie (D:7)
  Psyche (D:9)
  An efreet (D:14)
  5 kobold demonologists
  A yaktaur (shapeshifter) (D:15)
  3 freezing wraiths
  An ice devil (Gauntlet)
  A tengu conjurer (D:13)
  A meliai (shapeshifter) (D:15)
  8 trolls
  3 polar bears
  5 tyrant leeches
  3 hornets
  3 raiju (Abyss:2)
  Prince Ribbit (D:7)
  35 blink frogs
  4 dream sheep (Lair:6)
  9 slime creatures
  2 vampires
  8 wraiths
  A centaur simulacrum (D:15)
  3 ynoxinuls (Abyss:2)
  5 wyverns
  3 humans (D:14)
  3 fire bats (Gauntlet)
  2 hogs
  3 basilisks
  2 neqoxecs (D:12)
  70 yaks
  18 vampire mosquitoes
  3 nagas (Lair:3)
  4 wargs (Orc:2)
  Menkaure (D:7)
  A naga (shapeshifter) (D:12)
  An acid dragon (shapeshifter) (D:12)
  9 swamp worms
  12 water moccasins
  3 hell hounds
  A black bear (shapeshifter) (D:14)
  4 floating eyes (D:15)
  2 swamp drakes
  7 ogres
  19 orc warriors
  An ice beast (D:7)
  A sky beast (Abyss:2)
  5 black bears
  7 necrophages
  A wolf (shapeshifter) (D:12)
  7 centaurs
  5 boggarts (D:14)
  A small abomination (Abyss:2)
  26 wolves
  3 phantoms
  12 kobold brigands
  2 gnoll sergeants
  13 bullfrogs
  A scorpion (D:3)
  A wyvern zombie (D:8)
  A water moccasin zombie (D:6)
  A water moccasin skeleton (D:7)
  12 killer bees
  8 wights
  4 electric eels
  A lava snake (Lair:5)
  2 crimson imps (D:14)
  2 quasits (D:14)
  3 centaur zombies
  18 starcursed masses (Abyss:2)
  A bullfrog zombie (D:6)
  20 orc priests
  2 hounds
  A jelly (D:4)
  A jelly (shapeshifter) (D:12)
  A bullfrog skeleton (D:5)
  2 iron imps (Abyss:2)
  2 iguanas
  35 orc wizards
  2 killer bee zombies
  A hound skeleton (D:4)
  A howler monkey skeleton (D:7)
  5 adders
  10 gnolls
  3 ufetubi
  5 worms
  2 dart slugs
  73 orcs
  6 endoplasms
  3 giant cockroaches
  4 goblins
  5 hobgoblins
  4 jackals (D:2)
  A quokka (D:4)
  5 ball pythons
  2 bats
  3 frilled lizards
  26 kobolds
  5 rats
  4 bushes (D:14)
  A lurking horror (Abyss:2)
884 creatures vanquished.

Vanquished Creatures (others)
  A gnoll (Orc:2)
  An orc (D:6)
  2 bushes (Lair:6)
  26 fungi
  52 plants
82 creatures vanquished.

Grand Total: 966 creatures vanquished

Notes
Turn   | Place    | Note
-------+----------+-------------------------------------------
     0 | D:1      | timneilson the Gargoyle Fighter began the quest for the
                  | Orb.
     0 | D:1      | Reached XP level 1. HP: 14/14 MP: 1/1
   379 | D:1      | Reached XP level 2. HP: 14/19 MP: 2/2
   573 | D:1      | Found a faded altar of an unknown god.
   927 | D:2      | Reached XP level 3. HP: 16/23 MP: 3/3
  1752 | D:3      | Reached XP level 4. HP: 28/28 MP: 4/4
  1790 | D:3      | Noticed a scorpion
  1808 | D:3      | Killed a scorpion
  1809 | D:3      | Reached skill level 1 in Dodging
  1809 | D:3      | Reached XP level 5. HP: 19/33 MP: 5/5
  2794 | D:4      | Noticed a phantom
  2814 | D:4      | Killed a phantom
  2815 | D:4      | Reached XP level 6. HP: 22/38 MP: 6/6
  3186 | D:4      | Reached skill level 1 in Evocations
  3872 | D:5      | Entered Level 5 of the Dungeon
  3878 | D:5      | Found a staircase to the Ecumenical Temple.
  3887 | Temple   | Entered the Ecumenical Temple
  4005 | Temple   | Became a worshipper of Warmaster Okawaru
  4099 | D:5      | Reached XP level 7. HP: 35/43 MP: 7/7
  4181 | D:5      | Reached skill level 5 in Armour
  4378 | D:5      | Reached skill level 5 in Shields
  4627 | D:5      | Found Wicw's Elemental Accessories.
  4966 | D:6      | Reached skill level 1 in Invocations
  5114 | D:6      | Noticed a vampire mosquito
  5114 | D:6      | Noticed a vampire mosquito
  5114 | D:6      | Noticed a vampire mosquito
  5281 | D:6      | Reached * piety under Okawaru
  5427 | D:6      | Reached XP level 8. HP: 48/48 MP: 9/9
  5440 | D:6      | Noticed a wyvern
  5451 | D:6      | Killed a wyvern
  6017 | D:7      | Found a transporter.
  6017 | D:7      | Noticed Woods's ghost (novice MiBe)
  6020 | D:7      | Noticed a troll
  6020 | D:7      | Noticed a cyclops
  6055 | D:7      | Reached ** piety under Okawaru
  6056 | D:7      | Reached skill level 5 in Fighting
  6062 | D:7      | Killed a troll
  6063 | D:7      | Reached skill level 5 in Long Blades
  6063 | D:7      | Reached XP level 9. HP: 8/54 MP: 7/11
  6453 | D:7      | Found a stormy altar of Qazlal.
  6472 | D:7      | Reached *** piety under Okawaru
  6576 | D:7      | Noticed Prince Ribbit
  6587 | D:7      | Killed Prince Ribbit
  6780 | D:7      | Noticed Menkaure
  6787 | D:7      | Killed Menkaure
  6920 | D:7      | Noticed Maggie
  6938 | D:7      | Killed Maggie
  7027 | D:7      | Found a transporter.
  7355 | D:8      | Reached **** piety under Okawaru
  7742 | D:8      | Noticed a two-headed ogre
  7749 | D:8      | Killed a two-headed ogre
  7750 | D:8      | Reached XP level 10. HP: 43/60 MP: 9/13
  8008 | D:8      | Noticed Joseph
  8020 | D:8      | Killed Joseph
  8066 | D:8      | Reached ***** piety under Okawaru
  8454 | D:8      | Found a staircase to the Lair.
  8461 | D:8      | Received a gift from Okawaru
  8926 | D:9      | Found Nosodi's Jewellery Emporium.
  8930 | D:9      | Found Netrym's Armour Emporium.
  8932 | D:9      | Found Zolecw's Antique Armour Emporium.
  8933 | D:9      | Found Egefrynn's Armour Emporium.
  8993 | D:9      | Noticed a death knight
  8993 | D:9      | Noticed a phantasmal warrior
  9395 | D:9      | Noticed a two-headed ogre
  9402 | D:9      | Killed a two-headed ogre
  9402 | D:9      | Received a gift from Okawaru
  9402 | D:9      | Found the +3 pair of seven-league boots {Rampage+∞}
  9403 | D:9      | Reached XP level 11. HP: 54/66 MP: 11/14
  9435 | D:9      | Noticed a two-headed ogre
  9446 | D:9      | Killed a two-headed ogre
  9447 | D:9      | Reached skill level 5 in Invocations
  9615 | D:9      | Killed a phantasmal warrior
  9794 | D:9      | Killed a death knight
 10122 | D:9      | Noticed Psyche
 10128 | D:9      | Killed Psyche
 10367 | D:10     | Entered Level 10 of the Dungeon
 10445 | D:10     | Noticed a yaktaur captain
 10446 | D:10     | Noticed a centaur warrior
 10447 | D:10     | Noticed a deep elf pyromancer
 10540 | D:10     | Noticed a death knight
 10541 | D:10     | Noticed a manticore
 11102 | D:11     | Noticed a tengu warrior
 11108 | D:11     | Noticed a tengu warrior
 11185 | D:10     | Killed a tengu warrior
 11190 | D:10     | Killed a tengu warrior
 11665 | D:11     | Noticed a sixfirhy
 11681 | D:10     | Reached skill level 5 in Evocations
 11918 | D:11     | Found a staircase to the Orcish Mines.
 11921 | D:11     | Noticed Josephine
 12011 | D:11     | Killed Josephine
 12012 | D:11     | Reached skill level 10 in Shields
 12043 | D:11     | Reached skill level 10 in Armour
 12048 | D:11     | Reached XP level 12. HP: 14/72 MP: 16/16
 12504 | D:11     | Received a gift from Okawaru
 12850 | D:12     | Reached skill level 5 in Dodging
 13000 | D:12     | Noticed a four-headed hydra
 13015 | D:12     | Killed a four-headed hydra
 13253 | D:12     | Noticed a boulder beetle
 13287 | D:12     | Killed a boulder beetle
 13499 | D:12     | Found a runed translucent gate.
 13499 | D:12     | Found a runed translucent gate.
 13499 | D:12     | Found a runed translucent gate.
 13948 | D:12     | Noticed a two-headed ogre
 13971 | D:12     | Killed a two-headed ogre
 14164 | D:12     | Received a gift from Okawaru
 14227 | D:12     | Found a runed translucent gate.
 14227 | D:12     | Found a runed translucent gate.
 14234 | D:12     | Noticed Astroef's ghost (journeyman DsFi)
 14237 | D:12     | Found a runed translucent gate.
 14286 | D:13     | Found a portal to a secret trove of treasure.
 14373 | Lair:1   | Entered Level 1 of the Lair of Beasts
 14417 | Lair:1   | Reached XP level 13. HP: 59/78 MP: 18/18
 14666 | Lair:1   | Reached ****** piety under Okawaru
 15845 | Lair:2   | Received a gift from Okawaru
 16476 | Lair:2   | Found a staircase to the Swamp.
 16961 | Lair:3   | Reached skill level 10 in Long Blades
 17077 | Lair:3   | Found a staircase to the Snake Pit.
 17273 | Lair:3   | Received a gift from Okawaru
 17462 | Lair:3   | Found a snail-covered altar of Cheibriados.
 17590 | Lair:3   | Identified the +7 hand axe of Defilement {vorpal, Int+3}
 17867 | Lair:4   | Gained mutation: Your large and strong wings let you fly.
                  | [Gargoyle growth]
 17867 | Lair:4   | Reached XP level 14. HP: 86/86 MP: 19/19
 17986 | Lair:4   | Identified the +2 ring mail "Poivis" {Will++ rCorr Dex-4
                  | Slay+3} (Okawaru gifted it to you on level 4 of the Lair of
                  | Beasts)
 17986 | Lair:4   | Received a gift from Okawaru
 18790 | Lair:5   | Found a staircase to the Slime Pits.
 18790 | Lair:5   | Found a viscous altar of Jiyva.
 19074 | Lair:5   | Found a hide-covered altar of Uskayaw.
 19074 | Lair:5   | Found an ornate altar of the Wu Jian Council.
 19326 | Lair:5   | Identified the +2 pair of boots of Cubbuaw {rPois rN+
                  | Int+4} (Okawaru gifted it to you on level 5 of the Lair of
                  | Beasts)
 19326 | Lair:5   | Received a gift from Okawaru
 19587 | Lair:6   | Entered Level 6 of the Lair of Beasts
 19733 | Lair:6   | Reached XP level 15. HP: 92/92 MP: 21/21
 19810 | Lair:6   | Found a gate leading to a gauntlet.
 19824 | Lair:6   | Reached skill level 10 in Fighting
 19832 | Gauntlet | Entered a Gauntlet
 19832 | Gauntlet | Found a transporter.
 19841 | Gauntlet | Found a transporter.
 19843 | Gauntlet | Found a runed translucent door.
 19858 | Gauntlet | Found a transporter.
 19862 | Gauntlet | Found a transporter.
 19883 | Gauntlet | Found a transporter.
 19893 | Gauntlet | Found a runed translucent door.
 19898 | Gauntlet | Found a transporter.
 19910 | Gauntlet | Found a transporter.
 19938 | Gauntlet | Found a transporter.
 19938 | Gauntlet | Found a transporter.
 19946 | Gauntlet | Found a transporter.
 19977 | Gauntlet | Found a transporter.
 19977 | Gauntlet | Found a transporter.
 20006 | Gauntlet | Found a runed translucent door.
 20095 | Gauntlet | Identified the +2 helmet "Lacufux" {Fly rCorr MP-9 SInv}
 20145 | Gauntlet | Identified the +1 helmet of Jakhitsioda {rF++ rCorr Slay-5}
 20179 | Gauntlet | Identified the +1 leather armour "Qiunewk" {Harm rF+}
 20180 | Gauntlet | Got Sif Muna's Handbook of the Warped Birds
 20845 | Lair:6   | Received a gift from Okawaru
 20962 | Lair:6   | Got the Incunabulum of Toxins and Ice
 21207 | Orc:1    | Entered Level 1 of the Orcish Mines
 21303 | Orc:1    | Found a transporter.
 21345 | Orc:1    | Found Osmoxeuf's Antique Armour Emporium.
 21418 | Orc:1    | Found Suisuq's Assorted Antiques.
 21426 | Orc:1    | Bought a scroll of teleportation for 81 gold pieces
 21527 | Orc:1    | Noticed Snorg
 21533 | Orc:1    | Killed Snorg
 21572 | Orc:1    | Found a bloodstained altar of Trog.
 21572 | Orc:1    | Found the necklace of Bloodlust {*Rage Will++ Int-3 Slay+6}
 21584 | Orc:1    | Found Woenniac's Distillery.
 21643 | Orc:1    | Paralysed by an orc sorcerer for 6 turns
 21716 | Orc:1    | Found Gun Dorph's Antique Armour Shoppe.
 21801 | Orc:2    | Entered Level 2 of the Orcish Mines
 21806 | Orc:2    | Noticed an orc warlord
 21875 | Orc:1    | Killed an orc warlord
 21955 | Orc:2    | Found a staircase to the Elven Halls.
 22175 | Orc:2    | Reached skill level 1 in Throwing
 22280 | Orc:2    | Received a gift from Okawaru
 22586 | Orc:2    | Paralysed by an orc sorcerer for 6 turns
 22614 | Orc:2    | Paralysed by an orc sorcerer for 4 turns
 22710 | Orc:2    | Found Soud's Distillery.
 22726 | Orc:2    | Bought a potion of heal wounds for 80 gold pieces
 22739 | Orc:2    | Found an ancient bone altar of Kikubaaqudgha.
 22740 | Orc:2    | Noticed Nergalle
 22759 | Orc:2    | Killed Nergalle
 22763 | Orc:2    | Found Dotous's Distillery.
 22838 | Orc:2    | Paralysed by an orc sorcerer for 5 turns
 22846 | Orc:2    | Found a radiant altar of Vehumet.
 22887 | Orc:2    | Found Inkygytt's Antique Armour Shop.
 22923 | Orc:2    | Found Ciyziet Ynwi's Jewellery Boutique.
 23088 | D:12     | Killed Astroef's ghost
 23241 | D:13     | Reached XP level 16. HP: 89/99 MP: 14/23
 23340 | D:13     | Found Xacoann's Antique Weapon Shop.
 23557 | D:13     | Received a gift from Okawaru
 23863 | D:13     | Paralysed by an ogre mage for 6 turns
 23974 | D:13     | Found a gate to the Vaults.
 24297 | D:14     | Identified the +2 robe of Cheibriados's Favour {Regen+}
 24307 | D:14     | Found Zomogg's Changing Room.
 24464 | D:14     | Noticed Kirke
 24590 | D:13     | Killed Kirke
 25013 | D:15     | Entered Level 15 of the Dungeon
 25068 | D:14     | Received a gift from Okawaru
 25127 | D:15     | Cast into level 2 of the Abyss (a wizard)
 25360 | Abyss:2  | Paralysed by accursed screaming for 1 turns
 25366 | Abyss:2  | Paralysed by accursed screaming for 2 turns
 25369 | Abyss:2  | Paralysed by accursed screaming for 1 turns
 25551 | Abyss:2  | Noticed a bone dragon
 25576 | Abyss:2  | Killed a bone dragon
 25709 | D:15     | Escaped the Abyss
 25712 | D:15     | Reached skill level 10 in Invocations
 25719 | D:15     | Reached skill level 15 in Shields
 25773 | D:15     | Received a gift from Okawaru
 25841 | D:15     | Found Joen's General Store.
 25937 | D:15     | Reached skill level 15 in Armour
 25972 | D:15     | Received a gift from Okawaru
 26106 | D:15     | Paralysed by a floating eye for 4 turns
 26213 | D:15     | Reached XP level 17. HP: 104/104 MP: 11/24
 26353 | D:15     | Noticed Roxanne
 26491 | D:15     | Found a staircase to the Depths.
 26890 | Swamp:1  | Entered Level 1 of the Swamp
 26939 | Swamp:1  | Received a gift from Okawaru
 28181 | D:9      | Bought the ring "Reozehin" {rC+ rN+ Dex+2} for 525 gold
                  | pieces
 28363 | Swamp:3  | Identified the +6 double sword "Joesh" {vorpal, rN+ Str+4
                  | Int+3} (Okawaru gifted it to you on level 3 of the Swamp)
 28363 | Swamp:3  | Received a gift from Okawaru
 28487 | Swamp:3  | HP: 5/106 [spriggan air mage/bolt of lightning (9)]
 28488 | Swamp:3  | Killed from afar by a spriggan air mage

Illustrated notes

Levels and vault maps discovered:
D:1:      tarquinn_simple_flora_water_e, layout_loops_ring,
          hellmonk_ecumenical_altar_leap_of_faith, skrybe_limestone_x
D:2:      layout_basic
D:3:      layout_loops_cross
D:4:      layout_loops_ring, kennysheep_crisscross
D:5:      layout_gridville, minmay_temple_entry_slanted, nicolae_elemental_shop
D:6:      layout_cave_pools
D:7:      layout_gridville, nicolae_qazlal_style_of_elements,
          gammafunk_ghost_arena, uniq_menkaure, uniq_prince_ribbit1, uniq_maggie
D:8:      layout_rooms, grunt_lair_entry_orc_guard_hut, uniq_joseph
D:9:      layout_stronghold, minmay_shop_grid_forest, feat_on_display,
          uniq_psyche
D:10:     layout_loops_cross, onia_ninara_dug_in_and_dangerous
D:11:     layout_big_octagon, orc_0_dummy, uniq_josephine
D:12:     layout_long_grid, ploomutoo_gammafunk_ghost_potion_laboratory
D:13:     layout_loops_ring, david_vaults_5, serial_shops, shop,
          nicolae_trove_entry_crystal
D:14:     kennysheep_kobold_grotto, layout_basic, hangedman_decor_peaks_small,
          minmay_misc_feat_four_crosses, nicolae_transmutations_shop,
          uniq_kirke, uniq_rupert
D:15:     grunt_enter_depths_snipers, layout_rooms, serial_shops, shop,
          onia_ninara_cookie, uniq_roxanne
Temple:   kilobyte_greek_temple
Lair:1:   layout_gridlike, grunt_megastairs_2
Lair:2:   layout_misc_corridors, minmay_swamp_entry_reptiles
Lair:3:   layout_roguey, guppyfry_snake_entry_garden, basic_altar,
          chequers_serial_rivers_micro_b, serial_bayou_pond_d,
          minmay_lindwurm_lava, serial_bayou_shore_a
Lair:4:   layout_long_grid, minmay_holes, roderic_carrion_pond
Lair:5:   layout_gridlike, slime_altar_1, nzn_masters_of_martial_movement
Lair:6:   grunt_lair_end_beastmaster, layout_loops_ring, gauntlet_entry_generic
Swamp:1:  layout_falls_marsh, nicolae_swamp_trees_clearing
Swamp:2:  layout_falls_marsh, nicolae_swamp_tree_designs,
          nicolae_swamp_bean_lake
Swamp:3:  layout_basic_swamp, evilmike_swamp_ruin_house_4, swamp_pool5,
          infiniplex_staircase_pool, uniq_mlioglotl
Orc:1:    emtedronai_trogs_sanctum, layout_caves, serial_shops,
          nicolae_lakefront_shop, shop, nicolae_shop_stone, shop_fountains,
          uniq_snorg
Orc:2:    kennysheep_orc_mage_school, layout_diamond_mine,
          nicolae_orc_tapped_out

Skill      XL: |  1  2  3  4  5  6  7  8  9 10 11 12 13 14 15 16 17 |
---------------+----------------------------------------------------+-----
Long Blades    | 2 3 4 5 6 7 8 9 10 11 12 13 | 13.2
Armour         | 4 5 6 7 8 10 11 12 13 14 15 | 15.7
Dodging        | 1 2 3 4 5 6 7 8 |  8.5
Shields        | 4 5 6 7 8 10 11 12 13 14 15 | 15.7
Fighting       | 4 5 6 7 8 9 10 11 | 11.6
Evocations     | 1 2 3 4 5 6 7 8 9 |  9.1
Invocations    | 1 2 4 5 6 7 8 9 10 | 10.6
Throwing       | 1 3 4 |  4.2

Action                   |  1- 3 |  4- 6 |  7- 9 | 10-12 | 13-15 | 16-18 || total
-------------------------+-------+-------+-------+-------+-------+-------++-------
Melee: Long sword        |   105 |   182 |   243 |    91 |       |       ||   621
       Scimitar          |       |       |       |   596 |  1661 |  1105 ||  3362
       Double sword      |       |       |       |       |       |    22 ||    22
Invok: Heroism           |       |       |     7 |    22 |    23 |    23 ||    75
       Finesse           |       |       |       |     2 |     8 |     7 ||    17
Evoke: Wand              |       |       |       |     5 |    35 |    14 ||    54
       Tin of tremorston |       |       |       |       |     1 |     3 ||     4
       Condenser vane    |       |       |       |       |     1 |     1 ||     2
  Use: Scroll            |     4 |     5 |     6 |     8 |     6 |     3 ||    32
       Potion            |       |       |     2 |     5 |       |     4 ||    11
 Stab: Petrified         |       |       |       |       |    12 |       ||    12
       Petrifying        |       |       |       |       |     1 |       ||     1
Armor: Scale mail        |    49 |    87 |       |       |       |       ||   136
       Chain mail        |       |       |   166 |   125 |       |       ||   291
       Plate armour      |       |       |       |   279 |   743 |   581 ||  1603
Dodge: Dodged            |    55 |    73 |   116 |   264 |   514 |   293 ||  1315
Block: Buckler           |    25 |    49 |    84 |   120 |       |       ||   278
       Kite shield       |       |       |       |   234 |   806 |       ||  1040
       Tower shield      |       |       |       |       |   325 |  1171 ||  1496

Table legend: (Time is in decaauts)
 A = Elapsed time spent in this place.
 B = Non-inter-level travel time spent in this place.
 C = Inter-level travel time spent in this place.
 D = Time resting spent in this place.
 E = Time spent auto-exploring this place.
 F = Levels seen in this place.
 G = Mean time per level.
                   A        B        C        D        E       F      G
               +--------+--------+--------+--------+--------+-----+--------+
         Total |  28138 |  26887 |   1251 |   2473 |  15545 |  29 |  970.3 |
       Dungeon |  17502 |  16771 |    731 |   2261 |   9830 |  15 | 1166.8 |
        Temple |    154 |    149 |      5 |      0 |    119 |   1 |  154.0 |
          Lair |   6461 |   6076 |    385 |    201 |   3823 |   6 | 1076.8 |
         Swamp |   1352 |   1285 |     67 |      0 |    789 |   3 |  450.7 |
  Orcish Mines |   1761 |   1699 |     62 |     11 |    782 |   2 |  880.5 |
         Abyss |    519 |    519 |      0 |      0 |      0 |   1 |  519.0 |
      Gauntlet |    386 |    386 |      0 |      0 |    201 |   1 |  386.0 |
               +--------+--------+--------+--------+--------+-----+--------+

Top non-repeatable levels by time:
     D:7: 1760 daAuts
    D:12: 1600 daAuts
     D:9: 1565 daAuts
  Lair:2: 1559 daAuts
    D:10: 1469 daAuts
     D:8: 1220 daAuts
     D:4: 1177 daAuts
  Lair:1: 1154 daAuts
   Orc:2: 1099 daAuts
     D:3: 1043 daAuts
    D:11: 1035 daAuts
     D:5: 1025 daAuts
    D:14: 1012 daAuts
  Lair:3: 1010 daAuts
     D:2: 997 daAuts
